 Dungeon Crawl Stone Soup version 0.29-a0-911-g88e6f02907 (webtiles) character file.

Game seed: 11904161575931185697

4452 leavemydog the Severer (level 10, -5/84 (86) HPs)
             Began as a Hill Orc Fighter on July 25, 2022.
             Was an Elder of Wu Jian.
             Slain by a tengu warrior
             ... wielding a +0 long sword
              (8 damage)
             ... on level 8 of the Dungeon.
             The game lasted 00:23:38 (10261 turns).

leavemydog the Severer (Hill Orc Fighter)          Turns: 10261, Time: 00:23:38

HP:   -5/84 (86)    AC: 12    Str: 22    XL:     10   Next: 37%
MP:   10/10         EV: 10    Int:  8    God:    Wu Jian [****..]
Gold: 566           SH:  5    Dex: 12    Spells: 6/9 levels left

rFire   + . .      SeeInvis .   a - +0 war axe
rCold   . . .      Faith    .   c - +0 buckler
rNeg    . . .      Spirit   .   b - +1 ring mail {rPois}
rPois   +          Reflect  .   (no helmet)
rElec   .          Harm     .   (no cloak)
rCorr   .          Rampage  .   o - +2 pair of gloves
Will    .....                   x - +0 pair of boots
Stlth   +++.......              H - amulet of magic regeneration
HPRegen 0.24/turn               j - ring of protection from fire
MPRegen 0.52/turn               (no ring)

@: studying Unarmed Combat, lightly drained
A: thin skeletal structure 1, camouflage 1, dopey 1
a: Renounce Religion, Wall Jump, Serpent's Lash


You were on level 8 of the Dungeon.
You worshipped Wu Jian.
Wu Jian was greatly pleased with you.
You visited 2 branches of the dungeon, and saw 9 of its levels.

You collected 566 gold pieces.

Inventory:

Hand Weapons
 a - a +0 war axe (weapon)
Missiles
 D - 2 throwing nets (quivered)
Armour
 b - a +1 ring mail of poison resistance (worn)
 c - a +0 buckler (worn)
 o - a +2 pair of gloves (worn)
 x - a +0 pair of boots (worn)
Jewellery
 f - a ring of protection from fire
 j - a ring of protection from fire (left hand)
 C - a +6 ring of intelligence
 H - an amulet of magic regeneration (around neck)
Wands
 l - a wand of charming (7)
 s - a wand of acid (10)
 v - a wand of polymorph (12)
Scrolls
 d - a scroll of noise
 h - 4 scrolls of amnesia
 k - a scroll of magic mapping {unknown}
 n - a scroll of blinking {unknown}
 p - a scroll of summoning {unknown}
 q - a scroll of poison {unknown}
 r - 2 scrolls of enchant armour
 t - a scroll of immolation {unknown}
 u - a scroll of vulnerability {unknown}
 B - a scroll of torment {unknown}
 F - a scroll of enchant weapon {unknown}
 G - a scroll of butterflies {unknown}
Potions
 e - a potion of flight
 g - a potion of attraction
 i - a potion of resistance
 w - a potion of invisibility
 z - 2 potions of lignification
 A - a potion of berserk rage {unknown}
 E - a potion of haste {unknown}
 I - a potion of curing {unknown}


   Skills:
 + Level 7.4 Fighting
 * Level 15.2 Axes
 + Level 6.6 Armour
 + Level 5.0 Shields
 * Level 2.7 Translocations


You had 6 spell levels left.
You knew the following spells:

 Your Spells              Type           Power      Damage    Failure   Level
a - Lesser Beckoning      Tloc           4%         N/A       63%         3

Your spell library contained the following spells:

 Spells                   Type           Power      Damage    Failure   Level
 Gell's Gravitas          Tloc           4%         N/A       63%         3
 Teleport Other           Tloc           4%         N/A       63%         3


Dungeon Overview and Level Annotations

Branches:
Dungeon (8/15)             Temple (1/1) D:4
   Lair: D:8-11

Altars:
Ashenzari
Cheibriados
Dithmenos
Elyvilon
Fedhas
Gozag
Hepliaklqana
Kikubaaqudgha
Makhleb
Nemelex Xobeh
Okawaru
Qazlal
Ru
Sif Muna
Trog
Uskayaw
Vehumet
Wu Jian
Xom
Yredelemnul
Zin
The Shining One
Lugonu

Shops:
D:2 (   D:4 !   D:8 *

Portals:
Abyss: D:6

Annotations:
D:5 2 runed translucent doors, nago's ghost, novice DsHu


Innate Abilities, Weirdness & Mutations

You have a somewhat thin skeletal structure. (Dex +2, Stealth+)
Your skin changes colour to match your surroundings (Stealth+).
You are dopey. (Int -2)


Message History

The tengu warrior claws you but does no damage.
The tengu warrior attacks as you move away!
The tengu warrior hits you with a +0 long sword!
* * * LOW HITPOINT WARNING * * *
The tengu warrior barely misses you.
The tengu warrior claws you but does no damage.
The tengu warrior attacks as you move away!
The tengu warrior hits you with a +0 long sword.
* * * LOW HITPOINT WARNING * * *
The tengu warrior barely misses you. The tengu warrior claws you.
* * * LOW HITPOINT WARNING * * *
The tengu warrior hits you but does no damage.
You block the tengu warrior's attack.
The tengu warrior claws you but does no damage.
Okay, then.
Okay, then.
Your muscles tense, ready for explosive movement...
Aiming: Wall Jump
Press: ? - help, Dir - move target Your supernatural speed expires.
The tengu warrior attacks as you move away!
You block the tengu warrior's attack.
The tengu warrior pecks you but does no damage.
You block the tengu warrior's attack.
The tengu warrior attacks as you move away!
The tengu warrior hits you but does no damage.
The tengu warrior pecks you but does no damage.
The tengu warrior claws you.
* * * LOW HITPOINT WARNING * * *
You feel less exhausted.
The tengu warrior attacks as you move away!
You block the tengu warrior's attack. The tengu warrior closely misses you.
The tengu warrior completely misses you.
Okay, then.
The tengu warrior hits you with a +0 long sword.
* * * LOW HITPOINT WARNING * * *
You block the tengu warrior's attack. The tengu warrior misses you.
The tengu warrior attacks as you move away!
The tengu warrior hits you with a +0 long sword!
You die...

#.#§§§..≈######§....≈#
#.#≈≈....≈≈≈≈≈§....§§#
#.##§≈............≈§##
#..##≈≈.........§≈≈##
##..##≈≈......§§≈≈##
##..##≈≈.....§≈≈##
##..##≈≈≈..≈≈≈##
##..####§'####
##.Q@....# #########


You could see a tengu warrior.

Vanquished Creatures
  Psyche (D:8)
  Grinder (D:5)
  A wraith (D:7)
  A steam dragon (D:6)
  An acid dragon (D:8)
  3 black bears
  A sky beast (D:8)
  2 orc warriors (D:8)
  An ogre (D:5)
  A centaur (D:6)
  4 phantoms
  A lemure (D:8)
  5 kobold brigands
  2 elf zombies (D:5)
  2 bullfrogs
  6 scorpions
  4 elf skeletons (D:5)
  9 wights
  A howler monkey (D:4)
  2 jellies (D:5)
  3 hounds
  3 orc priests
  Natasha (D:2)
  Terence (D:3)
  4 orc wizards
  3 human skeletons (D:5)
  5 iguanas
  Robin (D:2)
  4 gnolls (D:6)
  10 adders
  A white imp (D:7)
  4 ufetubi
  A worm (D:4)
  A dart slug (D:2)
  26 orcs
  3 bats
  9 endoplasms
  6 giant cockroaches
  20 goblins
  9 hobgoblins
  2 jackals (D:5)
  25 kobolds
  4 quokkas
  4 ball pythons
  5 frilled lizards
  2 orc skeletons (D:5)
  5 rats
211 creatures vanquished.

Vanquished Creatures (others)
  2 plants (D:3)
2 creatures vanquished.

Grand Total: 213 creatures vanquished

Notes
Turn   | Place    | Note
-------+----------+-------------------------------------------
     0 | D:1      | leavemydog the Hill Orc Fighter began the quest for the
                  | Orb.
     0 | D:1      | Reached XP level 1. HP: 19/19 MP: 1/1
   353 | D:1      | Found a faded altar of an unknown god.
   422 | D:1      | You fall into a shaft and drop 1 floor!
   432 | D:2      | Found Qozic's Weapon Emporium.
   448 | D:2      | HP: 1/20 [adder (2)]
   450 | D:2      | Reached skill level 3 in Axes
   450 | D:2      | Reached XP level 2. HP: 1/27 MP: 2/2
  1522 | D:2      | Reached XP level 3. HP: 28/33 MP: 3/3
  1864 | D:2      | Reached skill level 4 in Axes
  1864 | D:2      | Reached XP level 4. HP: 40/40 MP: 4/4
  1885 | D:2      | Noticed Robin
  1902 | D:2      | Killed Robin
  2112 | D:2      | Noticed Natasha
  2120 | D:2      | Killed Natasha
  2121 | D:2      | Reached skill level 5 in Axes
  2419 | D:3      | Reached XP level 5. HP: 44/46 MP: 5/5
  2583 | D:3      | Found an ornate altar of the Wu Jian Council.
  2584 | D:3      | Found a glowing silver altar of Zin.
  2585 | D:3      | Found a glowing golden altar of the Shining One.
  2620 | D:3      | Became a worshipper of the Wu Jian Council
  2943 | D:3      | Reached skill level 6 in Axes
  3169 | D:3      | Noticed Terence
  3178 | D:3      | Killed Terence
  3622 | D:4      | Found a staircase to the Ecumenical Temple.
  3658 | Temple   | Entered the Ecumenical Temple
  3845 | D:4      | Gained mutation: Armour fits poorly on your strangely
                  | shaped body. [potion of mutation]
  3845 | D:4      | Gained mutation: You have large cloven feet. [potion of
                  | mutation]
  3846 | D:4      | Lost mutation: Armour fits poorly on your strangely shaped
                  | body. [potion of mutation]
  3846 | D:4      | Lost mutation: You have large cloven feet. [potion of
                  | mutation]
  3846 | D:4      | Gained mutation: You are dopey. (Int -2) [potion of
                  | mutation]
  3846 | D:4      | Gained mutation: Your skin changes colour to match your
                  | surroundings (Stealth+). [potion of mutation]
  3846 | D:4      | Gained mutation: You have a somewhat thin skeletal
                  | structure. (Dex +2, Stealth+) [potion of mutation]
  3869 | D:4      | Reached XP level 6. HP: 52/53 MP: 6/6
  3912 | D:4      | Found Yxeiriav's Distillery.
  3948 | D:4      | Reached skill level 7 in Axes
  4176 | D:4      | Reached * piety under Wu Jian
  4435 | D:4      | Reached skill level 8 in Axes
  4435 | D:4      | Reached XP level 7. HP: 52/60 MP: 7/7
  4819 | D:5      | Entered Level 5 of the Dungeon
  4980 | D:5      | Reached skill level 9 in Axes
  5119 | D:5      | Reached skill level 5 in Fighting
  5225 | D:5      | Learned a level 3 spell: Lesser Beckoning
  5342 | D:5      | Noticed Grinder
  5347 | D:5      | Paralysed by Grinder for 2 turns
  5355 | D:5      | Killed Grinder
  5356 | D:5      | Reached skill level 10 in Axes
  5356 | D:5      | Reached XP level 8. HP: 23/68 MP: 8/8
  5361 | D:5      | Reached skill level 5 in Armour
  5710 | D:5      | Reached skill level 11 in Axes
  5713 | D:5      | Reached ** piety under Wu Jian
  5948 | D:5      | Found a large runed translucent door.
  5950 | D:5      | Noticed nago's ghost (novice DsHu)
  5951 | D:5      | Found a large runed translucent door.
  6127 | D:5      | Reached skill level 12 in Axes
  6140 | D:5      | Reached XP level 9. HP: 65/75 MP: 9/9
  6848 | D:6      | Found a basalt altar of Yredelemnul.
  6909 | D:6      | Found a large runed translucent door.
  6909 | D:6      | Found a large runed translucent door.
  6913 | D:6      | Found a corrupted altar of Lugonu.
  6956 | D:6      | Found a shadowy altar of Dithmenos.
  6957 | D:6      | Found an iron altar of Okawaru.
  6959 | D:6      | Found a shimmering altar of Xom.
  6961 | D:6      | Found a bloodstained altar of Trog.
  6991 | D:6      | Reached skill level 13 in Axes
  6991 | D:6      | Reached skill level 1 in Translocations
  7293 | D:6      | Found a one-way gate to the infinite horrors of the Abyss.
  8307 | D:7      | Reached *** piety under Wu Jian
  8333 | D:7      | Reached skill level 14 in Axes
  8843 | D:7      | Found an ancient bone altar of Kikubaaqudgha.
  9049 | D:8      | Reached XP level 10. HP: 77/86 MP: 10/10
  9080 | D:8      | HP: 4/86 [orc warrior/+0 halberd (14)]
  9455 | D:8      | Found Rismoss's General Store.
  9456 | D:8      | Noticed Psyche
  9471 | D:8      | Killed Psyche
  9536 | D:8      | Reached skill level 15 in Axes
 10099 | D:8      | Reached **** piety under Wu Jian
 10123 | D:8      | Reached skill level 5 in Shields
 10208 | D:8      | Noticed a tengu warrior
 10240 | D:8      | HP: 2/84 [tengu warrior/+0 long sword (4)]
 10253 | D:8      | HP: 3/84 [tengu warrior/+0 long sword (1)]
 10259 | D:8      | HP: 3/84 [tengu warrior/+0 long sword (2)]
 10261 | D:8      | Slain by a tengu warrior

Illustrated notes

Levels and vault maps discovered:
D:1:      minmay_arrival_widening_spiral_narrow, layout_basic,
          ebering_ecumenical_altar_hall, minivault_11
D:2:      layout_loops_ring, serial_shops, nicolae_shop_bloodbath_and_beyond,
          uniq_robin, uniq_natasha
D:3:      layout_basic, chequers_temple_overflow_statue_of_worship,
          serial_bayou_pond_d, grunt_ministairs_10, kennysheep_generic_room_10,
          uniq_terence
D:4:      layout_basic, minmay_temple_entry_grid, serial_shops, shop,
          minmay_manual_maat
D:5:      layout_loops_ring, ebering_ghost_disaster_area,
          nicolae_ossuary_entry_catacombs, minmay_fountain_box,
          grunt_tough_drop, uniq_grinder
D:6:      due_chaos_kobolds, layout_loops_corners, minitemple
D:7:      layout_rooms, kennysheep_little_box
D:8:      layout_rooms, serial_shops, shop_fountains, grunt_ministairs_4,
          eino_small_chamber_without_monster, kennysheep_big_empty_room,
          hellmonk_guarded_unrand_lears, uniq_pikel, uniq_psyche
Temple:   dshaligram_water_room_temple

Skill      XL: |  1  2  3  4  5  6  7  8  9 10 |
---------------+-------------------------------+-----
Axes           | 3 4 5 6 8 10 12 14 15 | 15.2
Fighting       | 4 5 7 |  7.4
Armour         | 4 5 6 |  6.6
Shields        | 4 5 |  5.0
Translocations | 2 |  2.7

Action                   |  1- 3 |  4- 6 |  7- 9 | 10-12 || total
-------------------------+-------+-------+-------+-------++-------
Melee: War axe           |    81 |   172 |   355 |   121 ||   729
Invok: Lunge             |       |     9 |    29 |     4 ||    42
       Serpent's Lash    |       |       |       |     1 ||     1
       Whirlwind         |       |       |       |     1 ||     1
 Abil: Wall Jump         |       |       |     3 |     2 ||     5
  Use: Potion            |       |     3 |       |     1 ||     4
       Scroll            |       |     3 |     3 |     6 ||    12
 Stab: Sleeping          |       |     1 |    10 |       ||    11
       Distracted        |       |     1 |       |       ||     1
Armor: Scale mail        |    38 |    54 |   115 |       ||   207
       Leather armour    |       |       |     1 |       ||     1
       Ring mail         |       |       |       |    45 ||    45
Dodge: Dodged            |    48 |    81 |   129 |    50 ||   308
Block: Buckler           |    15 |    32 |    63 |    32 ||   142

Table legend: (Time is in decaauts)
 A = Elapsed time spent in this place.
 B = Non-inter-level travel time spent in this place.
 C = Inter-level travel time spent in this place.
 D = Time resting spent in this place.
 E = Time spent auto-exploring this place.
 F = Levels seen in this place.
 G = Mean time per level.
                   A        B        C        D        E       F      G
               +--------+--------+--------+--------+--------+-----+--------+
         Total |  10307 |  10025 |    282 |   2255 |   6103 |   9 | 1145.2 |
       Dungeon |  10152 |   9893 |    259 |   2255 |   5981 |   8 | 1269.0 |
        Temple |    154 |    131 |     23 |      0 |    122 |   1 |  154.0 |
               +--------+--------+--------+--------+--------+-----+--------+

Top non-repeatable levels by time:
     D:5: 1954 daAuts
     D:6: 1512 daAuts
     D:2: 1283 daAuts
     D:3: 1214 daAuts
     D:8: 1196 daAuts
     D:1: 1170 daAuts
     D:4: 1066 daAuts
     D:7: 753 daAuts
  Temple: 154 daAuts
